 Dungeon Crawl Stone Soup version 0.20.1-1-g8b1a95d (console) character file.

301 hilaritas the Chopper (level 6, -3/47 HPs)
             Began as a Formicid Fighter on July 30, 2017.
             Slain by a phantom (6 damage)
             ... on level 5 of the Dungeon.
             The game lasted 00:04:56 (2296 turns).

hilaritas the Chopper (Formicid Fighter)            Turns: 2296, Time: 00:04:57

Health: -3/47      AC: 10    Str: 22    XL:     6   Next: 64%
Magic:  6/6        EV:  6    Int:  8    God:
Gold:   47         SH: 10    Dex: 10    Spells: 5/5 levels left

rFire    . . .     SeeInvis +   a - +0 war axe
rCold    . . .     Gourm    .   c - +0 shield
rNeg     . . .     Faith    .   q - +0 chain mail
rPois    .         Spirit   .   (helmet unavailable)
rElec    .         Reflect  .   (no cloak)
rCorr    .         Harm     .   k - +0 pair of gloves (curse)
MR       .....                  (no boots)
Stlth    ..........             (no amulet)
Regen    0.2/turn               (no ring)
MPRegen  0.1/turn               (no ring)

@: no status effects
A: permanent stasis, dig shafts and tunnels, four strong arms, antennae 3
a: Dig, Shaft Self


You were on level 5 of the Dungeon.
You were very hungry.

You visited 1 branch of the dungeon, and saw 4 of its levels.

You collected 47 gold pieces.

Inventory:

Hand Weapons
 a - a +0 war axe (weapon)
 l - a +0 club
Missiles
 r - 13 javelins (quivered)
Armour
 c - a +0 shield (worn)
 k - a cursed +0 pair of gloves (worn)
 q - a +0 chain mail (worn)
Jewellery
 i - a cursed ring of loudness {unknown}
Wands
 n - a wand of paralysis (12/24)
Scrolls
 e - 3 scrolls of remove curse {unknown}
 h - a scroll of enchant weapon {unknown}
 j - a scroll of fear {unknown}
 m - a scroll of random uselessness {unknown}
 o - 2 scrolls of magic mapping {unknown}
 p - 3 scrolls of identify {unknown}
 s - a scroll of recharging {unknown}
Comestibles
 b - 2 fruits
 d - a royal jelly
 f - a bread ration
 g - 7 meat rations


   Skills:
 - Level 3.2 Fighting
 * Level 5.7 Axes
 - Level 3.2 Armour
 + Level 5.2 Shields


You had 5 spell levels left.
You didn't know any spells.

Dungeon Overview and Level Annotations

Branches:
Dungeon (3/15)

Altars:
Fedhas


Innate Abilities, Weirdness & Mutations

You cannot be hasted, slowed, berserked, paralysed or teleported.
You can dig through walls and to a lower floor.
Your four strong arms can wield two-handed weapons with a shield.
You have a pair of large antennae on your head. (SInv)


Message History

You kill the orc!
The orc wizard hits you but does no damage.
You barely miss the orc wizard.
The orc wizard is almost dead.
Your chain mail prevents you from hitting the iguana.
You block the orc wizard's attack. You block the iguana's attack.
You slash the orc wizard!
You kill the orc wizard!
You hit the iguana. You block the iguana's attack.
The phantom barely misses you.
You closely miss the phantom.
The phantom is lightly damaged.
You completely miss the iguana. The iguana bites you!
* * * LOW HITPOINT WARNING * * *
You block the phantom's attack. The iguana bites you.
* * * LOW HITPOINT WARNING * * *
You barely miss the phantom.
The phantom is lightly damaged.
You hit the iguana. The phantom hits you.
You die...

..............#
o............#
............#
#..........#
#..........#
#.)........#
#..)(......#
#)l........+
#@..(......#
#W.........#
#..........#
#..........#
#..........#
#..........####
#...............
#####...........
#...........


You could see a phantom and an iguana.

Vanquished Creatures
  A jelly (D:5)
  A centaur skeleton (D:2)
  An orc priest (D:5)
  Jessica (D:2)
  An orc wizard (D:5)
  Robin (D:2)
  4 gnolls (D:2)
  4 adders (D:2)
  3 oozes
  2 worms
  A dart slug (D:1)
  2 leopard geckos
  2 orcs (D:5)
  A giant cockroach (D:1)
  11 goblins
  10 hobgoblins
  A quokka (D:3)
  3 bats
  4 frilled lizards
  4 kobolds
  6 rats
64 creatures vanquished.

Notes
Turn   | Place    | Note
-------+----------+-------------------------------------------
     0 | D:1      | hilaritas the Formicid Fighter began the quest for the Orb.
     0 | D:1      | Reached XP level 1. HP: 18/18 MP: 1/1
   266 | D:1      | Reached XP level 2. HP: 24/24 MP: 2/2
   373 | D:1      | Reached XP level 3. HP: 29/29 MP: 3/3
  1120 | D:2      | Reached XP level 4. HP: 35/35 MP: 4/4
  1537 | D:2      | Reached XP level 5. HP: 41/41 MP: 5/5
  1642 | D:2      | Noticed Robin
  1674 | D:2      | Killed Robin
  1674 | D:2      | Reached skill level 5 in Shields
  1724 | D:2      | Noticed Jessica
  1730 | D:2      | Killed Jessica
  1763 | D:2      | Reached XP level 6. HP: 44/47 MP: 6/6
  2120 | D:3      | Reached skill level 5 in Axes
  2147 | D:3      | Found a blossoming altar of Fedhas.
  2242 | D:3      | You fall through a shaft for 2 floors!
  2242 | D:5      | Entered Level 5 of the Dungeon
  2280 | D:5      | Noticed a phantom
  2296 | D:5      | Slain by a phantom

Skill      XL: |  1  2  3  4  5  6 |
---------------+-------------------+-----
Shields        | 4 5 |  5.2
Axes           | 3 4 5 |  5.7
Fighting       | |  3.2
Armour         | |  3.2

Action                   |  1- 3 |  4- 6 || total
-------------------------+-------+-------++-------
Melee: War axe           |   115 |   155 ||   270
Throw: Javelin           |       |     4 ||     4
  Use: Potion            |       |     2 ||     2
  Eat: Chunk             |     1 |     3 ||     4
Armor: Scale mail        |    38 |       ||    38
       Chain mail        |    15 |    96 ||   111
Dodge: Dodged            |    30 |    32 ||    62
Block: Shield            |    60 |   100 ||   160
